 Dungeon Crawl Stone Soup version 0.28-a0-653-g7e9dba17c3 (webtiles) character file.

Game seed: 16217360402140975899

4 flyleaff the Caller (level 1, 0/17 HPs)
             Began as a Gnoll Wanderer on Oct 12, 2021.
             Slain by a quokka (3 damage)
             ... on level 1 of the Dungeon.
             The game lasted 00:00:40 (210 turns).

flyleaff the Caller (Gnoll Wanderer)                 Turns: 210, Time: 00:00:41

Health: 0/17       AC:  2    Str: 13    XL:     1   Next: 70%
Magic:  6/6        EV: 11    Int: 10    God:
Gold:   0          SH:  0    Dex: 10    Spells: 9/9 levels left

rFire   . . .      SeeInvis .   a - +2 falchion
rCold   . . .      Faith    .   (no shield)
rNeg    . . .      Spirit   .   b - +0 robe
rPois   .          Reflect  .   (no helmet)
rElec   .          Harm     .   (no cloak)
rCorr   .          Rampage  .   (no gloves)
Will    .....                   (no boots)
Stlth   ++........              (no amulet)
HPRegen 0.05/turn               (no ring)
MPRegen 0.10/turn               (no ring)

@: no status effects
A: fangs 1, strong nose, distributed training
a: no special abilities


You were on level 1 of the Dungeon.
You visited 1 branch of the dungeon, and saw 1 of its levels.

Inventory:

Hand Weapons
 a - a +2 falchion (weapon)
Armour
 b - a +0 robe (worn)


   Skills:
 + Level 2.4 Fighting
 + Level 0.1 Short Blades
 + Level 2.4 Long Blades
 + Level 0.1 Axes
 + Level 0.1 Maces & Flails
 + Level 0.1 Polearms
 + Level 0.1 Staves
 + Level 0.1 Slings
 + Level 0.1 Bows
 + Level 0.1 Crossbows
 + Level 2.4 Throwing
 + Level 0.1 Armour
 + Level 0.1 Dodging
 + Level 2.2 Stealth
 + Level 2.4 Shields
 + Level 0.1 Unarmed Combat
 + Level 4.9 Spellcasting
 + Level 0.1 Conjurations
 + Level 0.1 Hexes
 + Level 5.3 Summonings
 + Level 0.1 Necromancy
 + Level 0.1 Translocations
 + Level 0.1 Transmutations
 + Level 0.1 Fire Magic
 + Level 0.1 Ice Magic
 + Level 0.1 Air Magic
 + Level 0.1 Earth Magic
 + Level 0.1 Poison Magic
 + Level 0.2 Invocations
 + Level 0.1 Evocations


You had 9 spell levels left.
You didn't know any spells.
Your spell library contained the following spells:

 Spells                   Type           Power      Damage    Failure   Level
 Summon Small Mammal      Summ           52%        N/A       2%          1
 Call Canine Familiar     Summ           13%        N/A       8%          3
 Sting                    Tmut/Pois      8%         1d3       22%         1
 Ignite Poison            Fire/Tmut/Pois 2%         N/A       54%         3


Dungeon Overview and Level Annotations

Branches:
Dungeon (1/15)

Altars:


Innate Abilities, Weirdness & Mutations

You have very sharp teeth.
Your uncanny sense of smell can sniff out nearby items.
Your experience applies equally to all skills.


Message History

The ball python hisses angrily.
You hear a shout!
A kobold comes into view. It is wielding a +0 short sword.
There are monsters nearby!
There are monsters nearby!
There are monsters nearby!
There are monsters nearby!
You closely miss the ball python. The quokka bites you.
The ball python bites you but does no damage.
The ball python misses you.
You closely miss the ball python. The quokka bites you.
The ball python bites you. The ball python grabs you.
The ball python constricts you. The quokka bites you.
You are too injured to fight recklessly!
You are too injured to fight recklessly!
You escape the ball python's grasp.
You are too injured to fight recklessly!
You are too injured to fight recklessly!
You are too injured to fight recklessly!
You hit the ball python but do no damage.
Your bite misses the ball python. The ball python bites you.
The ball python grabs you. The ball python constricts you.
The ball python misses you. The ball python constricts you.
Unknown command.
You aren't carrying any potions.
You aren't carrying any scrolls.
You slash the ball python!
You kill the ball python!
You barely miss the quokka. You bite the quokka, but do no damage.
The quokka bites you.
* * * LOW HITPOINT WARNING * * *
The quokka barely misses you.
You miss the quokka. The quokka bites you.
* * * LOW HITPOINT WARNING * * *
You don't know any spells.
You aren't carrying any scrolls.
You hit the quokka.
The quokka is heavily wounded.
The quokka bites you but does no damage.
The quokka bites you.
You die...

## ### .# ..# ### . #..
..# # #. #..# #.# ##
#!##.#.# #.# #. #$$##.#
#.# #. #.K†.# #.########.
.......#r#.####..........
.####.##@#.......#######.
#....#######†#....##.
##.### #.#.##.##. #.
#......... # #....#.##.
#....#.### #....#.#
#....#.# #....#.#


You could see a quokka and a kobold.

Vanquished Creatures
  A bat (D:1)
  A kobold (D:1)
  A quokka (D:1)
  A ball python (D:1)
4 creatures vanquished.

Notes
Turn   | Place    | Note
-------+----------+-------------------------------------------
     0 | D:1      | flyleaff the Gnoll Wanderer began the quest for the Orb.
     0 | D:1      | flyleaff set off with the following items: a +2 falchion, a
                  | +0 robe; and the following spells available to memorise:
                  | Summon Small Mammal, Call Canine Familiar, Sting, Ignite
                  | Poison
     0 | D:1      | Reached XP level 1. HP: 17/17 MP: 6/6
   210 | D:1      | Slain by a quokka

Illustrated notes

Levels and vault maps discovered:
D:1:      eino_arrival_cavern_d, layout_basic, serial_shops,
          nicolae_square_shop, minmay_tromino_v7

Action                   || total
-------------------------++-------
Melee: Falchion          ||    13
       Bite              ||     1
 Stab: Sleeping          ||     1
Armor: Robe              ||     2
Dodge: Dodged            ||     4

Table legend: (Time is in decaauts)
 A = Elapsed time spent in this place.
 B = Non-inter-level travel time spent in this place.
 C = Inter-level travel time spent in this place.
 D = Time resting spent in this place.
 E = Time spent auto-exploring this place.
 F = Levels seen in this place.
 G = Mean time per level.
                   A        B        C        D        E       F      G
               +--------+--------+--------+--------+--------+-----+--------+
         Total |    212 |    212 |      0 |      0 |    184 |   1 |  212.0 |
       Dungeon |    212 |    212 |      0 |      0 |    184 |   1 |  212.0 |
               +--------+--------+--------+--------+--------+-----+--------+

Top non-repeatable levels by time:
     D:1: 212 daAuts
